 Dungeon Crawl Stone Soup version 0.21-a0-200-gb89f83b (webtiles) character file.

6 Lavandula the Chiller (level 1, 0/14 HPs)
             Began as a Ghoul Ice Elementalist on Aug 16, 2017.
             Slain by an adder (4 damage)
             ... on level 2 of the Dungeon.
             The game lasted 00:01:37 (182 turns).

Lavandula the Chiller (Ghoul Ice Elementalist)       Turns: 182, Time: 00:01:38

Health: 0/14       AC:  2    Str: 11    XL:     1   Next: 90%
Magic:  0/2        EV: 12    Int: 10    God:
Gold:   12         SH:  0    Dex:  9    Spells: 2/3 levels left

rFire    . . .     SeeInvis .     - Unarmed
rCold    + . .     Gourm    .   (no shield)
rNeg     + + +     Faith    .   a - +0 robe
rPois    ∞         Spirit   .   (no helmet)
rElec    .         Reflect  .   (no cloak)
rCorr    .         Harm     .   (no gloves)
MR       .....                  (no boots)
Stlth    ++........             (no amulet)
HPRegen  0.00/turn              (no ring)
MPRegen  0.08/turn              (no ring)

@: rotting
A: rotting body, claws 1, carnivore 3, cold resistance 1, negative energy
resistance 3, inhibited regeneration, torment resistance, unbreathing
a: no special abilities


You were on level 2 of the Dungeon.
You were not hungry.

You visited 1 branch of the dungeon, and saw 2 of its levels.

You collected 12 gold pieces.

Inventory:

Armour
 a - a +0 robe (worn)
Scrolls
 d - a scroll of identify {unknown}
 e - a scroll of remove curse {unknown}
Books
 b - a book of Frost

   Spells                             Type                      Level
   a - Freeze                         Ice                          1
   b - Throw Frost                    Conjuration/Ice              2
   c - Ozocubu's Armour               Charms/Ice                   3
   d - Throw Icicle                   Conjuration/Ice              4
   e - Summon Ice Beast               Ice/Summoning                4
Comestibles
 c - 2 meat rations


   Skills:
 - Level 1.7 Dodging
 - Level 2.1 Stealth
 - Level 1.5 Unarmed Combat
 - Level 1.7 Spellcasting
   Level 0.7 Conjurations
 - Level 3.2 Ice Magic


You had 2 spell levels left.
You knew the following spells:

 Your Spells              Type           Power        Failure   Level  Hunger
a - Freeze                Ice            #...         9%          1    ##.....


Dungeon Overview and Level Annotations

Branches:
Dungeon (2/15)

Altars:
Zin


Innate Abilities, Weirdness & Mutations

Your body is rotting away.
You thrive on raw meat.
You are immune to poison.
You have sharp fingernails.
You are carnivorous and can eat meat at any time.
Your flesh is cold resistant. (rC+)
You are immune to negative energy. (rN+++)
You do not regenerate when monsters are visible.
You are immune to unholy pain and torment.
You can survive without breathing.


Message History

The adder bites you. The adder closely misses you.
Eat a chunk of flesh? (ye/n/q)
You eat the chunk of flesh.
This raw flesh tastes great!
The adder closely misses you.
You aren't carrying any items that you can evoke.
Unknown command.
You scratch the adder.
The adder is severely wounded.
The adder closely misses you.
Casting: Freeze
Confirm with . or Enter, or press ? or * to list all spells.
Aiming: Freeze
Press: ? - help, Shift-Dir - straight line, f/p - adder
Aim: an adder (severely wounded)
You freeze the adder.
The adder is almost dead.
The adder bites you.
* * * LOW HITPOINT WARNING * * *
The adder bites you.
You die...

### ##### #.##### ...# #.....
#######.####..# #......ggS@...#
#######.###.####..#####
............# #......# .
#######g###.####..###.# ..
#.............#.###..##
..#+#####.....................#
.g...#................#.###..#
.....#..#..#.................#
.....g................#......#


You could see an adder and 2 goblins.

Vanquished Creatures
  A giant cockroach (D:1)
  A hobgoblin (D:2)
  2 kobolds (D:2)
  A bat (D:1)
  A frilled lizard (D:2)
6 creatures vanquished.

Notes
Turn   | Place    | Note
-------+----------+-------------------------------------------
     0 | D:1      | Lavandula the Ghoul Ice Elementalist began the quest for the Orb.
     0 | D:1      | Reached XP level 1. HP: 14/14 MP: 2/2
    71 | D:2      | Reached skill level 1 in Unarmed Combat
    88 | D:2      | Found a glowing silver altar of Zin.
   182 | D:2      | Slain by an adder

Vault maps used:
D:1:      minmay_arrival_radiant_lines
D:2:      nicolae_overflow_crystal_walls, uniq_jessica, uniq_robin, uniq_natasha

Skill      XL: |  1 |
---------------+----+-----
Unarmed Combat | 1 |  1.5
Dodging        | |  1.7
Stealth        | |  2.1
Spellcasting   | |  1.7
Conjurations   | |  0.7
Ice Magic      | |  3.2

Action                   || total
-------------------------++-------
Melee: Unarmed           ||    26
 Cast: Freeze            ||     9
 Stab: Sleeping          ||     1
  Eat: Chunk             ||     5
Armor: Robe              ||     9
Dodge: Dodged            ||    23
